MLB
NEW YORK (N) METS @ ARIZONA DIAMONDBACKS
07/04/2041
 
TOP OF THE 1ST
New York (N) Mets batting - Pitching for Arizona Diamondbacks : RHP Jorge Aguilera
Pitching: RHP Jorge Aguilera
Batting: RHB Don Cole 0-0: Ground out 1-3 (Groundball, 23, EV 68.1 MPH)
Batting: LHB José González 0-0: Ground out 4-3 (Groundball, 4, EV 81.9 MPH)
Batting: LHB Danny Kerr 0-0: Called Strike
0-1: Foul Ball, location: 7LMF
0-2: Strikes out swinging
Top of the 1st over - 0 runs, 0 hits, 0 errors, 0 left on base; New York (N) 0 - Arizona 0
BOTTOM OF THE 1ST
Arizona Diamondbacks batting - Pitching for New York (N) Mets : RHP Steve Holland
Pitching: RHP Steve Holland
Batting: RHB Jim Williams 0-0: Ball
1-0: Ball
2-0: Fly out, F7 (Line Drive, 78M, EV 96.9 MPH)
Batting: LHB Tommy Rose 0-0: Foul Ball, location: 2F
0-1: Ball
1-1: Foul Ball, location: 7LMF
1-2: Strikes out swinging
Batting: SHB Joe Harris 0-0: Ball
1-0: Ball
2-0: Foul Ball, location: 5F
2-1: Foul Ball, location: 3F
2-2: Foul Ball, location: 7LDF
2-2: Fly out, F5 (Popup, 15, EV 85.0 MPH)
Bottom of the 1st over - 0 runs, 0 hits, 0 errors, 0 left on base; New York (N) 0 - Arizona 0
TOP OF THE 2ND
New York (N) Mets batting - Pitching for Arizona Diamondbacks : RHP Jorge Aguilera
Batting: LHB Joel Wright 0-0: SINGLE (Line Drive, 89S, EV 93.1 MPH)
Batting: RHB Ottavio Attene 0-0: Grounds into double play, 5-4-3 (Groundball, 56, EV 99.4 MPH)
Batting: LHB Jim Bond 0-0: Ground out 4-3 (Groundball, 34, EV 104.4 MPH)
Top of the 2nd over - 0 runs, 1 hit, 0 errors, 0 left on base; New York (N) 0 - Arizona 0
BOTTOM OF THE 2ND
Arizona Diamondbacks batting - Pitching for New York (N) Mets : RHP Steve Holland
Batting: LHB Esteban Ayala 0-0: Called Strike
0-1: Ball
1-1: Ball
2-1: Ground out 4-3 (Groundball, 4, EV 103.1 MPH)
Batting: RHB Orlando Gómes 0-0: Ball
1-0: Called Strike
1-1: Fly out, F4 (Popup, 4D, EV 73.1 MPH)
Batting: RHB Kevin Cooper 0-0: DOUBLE (Line Drive, 78M, EV 101.3 MPH)
Batting: RHB Joe Brown 0-0: Ball
1-0: Ball
2-0: Ground out 2-3 (Groundball, 2R, EV 74.4 MPH)
Bottom of the 2nd over - 0 runs, 1 hit, 0 errors, 1 left on base; New York (N) 0 - Arizona 0
TOP OF THE 3RD
New York (N) Mets batting - Pitching for Arizona Diamondbacks : RHP Jorge Aguilera
Batting: LHB Isaac Miller 0-0: Ball
1-0: Swinging Strike
1-1: Ball
2-1: Foul Ball, location: 2RF
2-2: Ground out 5-3 (Groundball, 56, EV 92.5 MPH)
Batting: RHB Steve Robinson 0-0: Foul Ball, location: 23FF
0-1: Ball
1-1: Foul Ball, location: 2F
1-2: Ball
2-2: Strikes out swinging
Batting: SHB Alfredo Vega 0-0: Called Strike
0-1: Ball
1-1: Ball
2-1: Foul Ball, location: 9LDF
2-2: SINGLE (Flyball, 3D, EV 95.6 MPH)
Batting: RHB Don Cole 0-0: Ball
1-0: Foul Ball, location: 2F
1-1: Foul Ball, location: 25F
1-2: Hit by Pitch
Alfredo Vega to second
Batting: LHB José González 0-0: Called Strike
0-1: Foul Ball, location: 23FF
0-2: Ball
Wild Pitch!
Alfredo Vega to third
Don Cole to second
1-2: Ball
2-2: Foul Ball, location: 2F
2-2: Ground out 4-3 (Groundball, 4, EV 78.1 MPH)
Top of the 3rd over - 0 runs, 1 hit, 0 errors, 2 left on base; New York (N) 0 - Arizona 0
BOTTOM OF THE 3RD
Arizona Diamondbacks batting - Pitching for New York (N) Mets : RHP Steve Holland
Batting: RHB Eddie Fields 0-0: Called Strike
0-1: Fly out, F7 (Flyball, 7LS, EV 81.9 MPH)
Batting: RHB Pancho Zúñiga 0-0: Called Strike
0-1: Called Strike
0-2: Ball
1-2: Ball
2-2: Strikes out swinging
Batting: RHB Jim Williams 0-0: SOLO HOME RUN (Flyball, 9D, EV 98.1 MPH), Distance : 364 ft
Batting: LHB Tommy Rose 0-0: Fly out, F8 (Flyball, 89S, EV 78.8 MPH)
Bottom of the 3rd over - 1 run, 1 hit, 0 errors, 0 left on base; New York (N) 0 - Arizona 1
TOP OF THE 4TH
New York (N) Mets batting - Pitching for Arizona Diamondbacks : RHP Jorge Aguilera
Batting: LHB Danny Kerr 0-0: Ball
1-0: Called Strike
1-1: Ball
2-1: Ball
3-1: Foul Ball, location: 2F
3-2: Foul Ball, location: 25FF
3-2: Foul Ball, location: 7LDF
3-2: SOLO HOME RUN (Flyball, 89XD, EV 113.1 MPH), Distance : 449 ft
Batting: LHB Joel Wright 0-0: Called Strike
0-1: Foul Ball, location: 2F
0-2: Ball
1-2: Fly out, F7 (Flyball, 7S, EV 94.4 MPH)
Batting: RHB Ottavio Attene 0-0: Fly out, F5 (Popup, 5F, EV 64.4 MPH)
Batting: LHB Jim Bond 0-0: Called Strike
0-1: Ball
1-1: Ball
2-1: Ball
3-1: Base on Balls
Batting: LHB Isaac Miller 0-0: Called Strike
0-1: Ball
1-1: Ground out 1-3 (Groundball, 13, EV 68.1 MPH)
Top of the 4th over - 1 run, 1 hit, 0 errors, 1 left on base; New York (N) 1 - Arizona 1
BOTTOM OF THE 4TH
Arizona Diamondbacks batting - Pitching for New York (N) Mets : RHP Steve Holland
Batting: SHB Joe Harris 0-0: Called Strike
0-1: Called Strike
0-2: SINGLE (Groundball, 6MS, EV 69.4 MPH) (infield hit)
Batting: LHB Esteban Ayala 0-0: Swinging Strike
0-1: Swinging Strike
0-2: Ball
1-2: Ball
2-2: Strikes out swinging
Batting: RHB Orlando Gómes 0-0: Fly out, F8 (Flyball, 89S, EV 85.6 MPH)
Batting: RHB Kevin Cooper 0-0: Called Strike
0-1: Ball
1-1: Ball
2-1: Ball
Joe Harris is caught stealing 2nd base 2-4
Bottom of the 4th over - 0 runs, 1 hit, 0 errors, 0 left on base; New York (N) 1 - Arizona 1
TOP OF THE 5TH
New York (N) Mets batting - Pitching for Arizona Diamondbacks : RHP Jorge Aguilera
Batting: RHB Steve Robinson 0-0: Ball
1-0: Foul Ball, location: 9LDF
1-1: Foul Ball, location: 9LDF
1-2: Foul Ball, location: 9LDF
1-2: Ball
2-2: Ground out 6-3 (Groundball, 6, EV 92.5 MPH)
Batting: SHB Alfredo Vega 0-0: Ball
1-0: Foul Ball, location: 5FF
1-1: Foul Ball, location: 7LSF
1-2: Foul Ball, location: 5F
1-2: Strikes out swinging
Batting: RHB Don Cole 0-0: Ball
1-0: Called Strike
1-1: Ball
2-1: SINGLE (Groundball, 34, EV 104.4 MPH) (infield hit)
Batting: LHB José González 0-0: Ball
Don Cole is caught stealing 2nd base 2-6
Top of the 5th over - 0 runs, 1 hit, 0 errors, 0 left on base; New York (N) 1 - Arizona 1
BOTTOM OF THE 5TH
Arizona Diamondbacks batting - Pitching for New York (N) Mets : RHP Steve Holland
Batting: RHB Kevin Cooper 0-0: SINGLE (Groundball, 6M, EV 93.8 MPH) (infield hit)
Batting: RHB Joe Brown 0-0: Swinging Strike
0-1: Ball
1-1: Called Strike
Kevin Cooper steals 2nd base
1-2: Strikes out swinging
Batting: RHB Eddie Fields 0-0: Ball
1-0: Foul Ball, location: 23FF
1-1: Ball
2-1: Ground out 1-3 (Groundball, 15S, EV 63.8 MPH)
Batting: RHB Pancho Zúñiga 0-0: Called Strike
0-1: Swinging Strike
0-2: Ball
1-2: Ball
2-2: Strikes out looking
Bottom of the 5th over - 0 runs, 1 hit, 0 errors, 1 left on base; New York (N) 1 - Arizona 1
TOP OF THE 6TH
New York (N) Mets batting - Pitching for Arizona Diamondbacks : RHP Jorge Aguilera
Batting: LHB José González 0-0: Called Strike
0-1: Ground out 3-1 (Groundball, 34, EV 102.5 MPH)
Batting: LHB Danny Kerr 0-0: Called Strike
0-1: Ball
1-1: Swinging Strike
1-2: Strikes out swinging
Batting: LHB Joel Wright 0-0: Foul Ball, location: 2F
0-1: Swinging Strike
0-2: Ball
1-2: Strikes out swinging
Top of the 6th over - 0 runs, 0 hits, 0 errors, 0 left on base; New York (N) 1 - Arizona 1
BOTTOM OF THE 6TH
Arizona Diamondbacks batting - Pitching for New York (N) Mets : RHP Steve Holland
Batting: RHB Jim Williams 0-0: Ball
1-0: Ball
2-0: SINGLE (Groundball, 56D, EV 95.0 MPH)
Batting: LHB Tommy Rose 0-0: Bunted foul
0-1: Bunted foul
0-2: DOUBLE (Flyball, 8RXD, EV 102.5 MPH)
Jim Williams to third
Jim Williams scores
Batting: SHB Joe Harris 0-0: Ball
Passed Ball!
Tommy Rose to third
1-0: Ball
2-0: Foul Ball, location: 2F
2-1: Called Strike
2-2: Strikes out looking
Batting: LHB Esteban Ayala 0-0: DOUBLE (Line Drive, 7LM, EV 92.5 MPH)
Tommy Rose scores
Batting: RHB Orlando Gómes 0-0: Foul Ball, location: 2F
0-1: Ball
1-1: Ground out 6-3 (Groundball, 6, EV 84.4 MPH)
Batting: RHB Kevin Cooper 0-0: Foul Ball, location: 2F
0-1: Ball
1-1: Ground out 5-3 (Groundball, 56, EV 100.6 MPH)
Bottom of the 6th over - 2 runs, 3 hits, 0 errors, 1 left on base; New York (N) 1 - Arizona 3
TOP OF THE 7TH
New York (N) Mets batting - Pitching for Arizona Diamondbacks : RHP Jorge Aguilera
Batting: RHB Ottavio Attene 0-0: Ground out 6-3 (Groundball, 6D, EV 88.1 MPH)
Batting: LHB Jim Bond 0-0: Called Strike
0-1: Foul Ball, location: 7LMF
0-2: Ball
1-2: Ball
2-2: Ball
3-2: Foul Ball, location: 7LMF
3-2: SINGLE (Line Drive, 5D, EV 71.3 MPH)
Batting: LHB Isaac Miller 0-0: Called Strike
0-1: Foul Ball, location: 23F
0-2: Ball
1-2: Fly out, F8 (Flyball, 8RM, EV 91.3 MPH)
Pinch Hitting: SHB Dave Coffman 0-0: Ball
1-0: Swinging Strike
1-1: Ball
2-1: Foul Ball, location: 7LDF
2-2: Foul Ball, location: 2F
2-2: Ball
3-2: Foul Ball, location: 5F
3-2: Base on Balls
Jim Bond to second
Pitching: RHP António Alonzo
Pinch Runner at 2nd José Núñez:
Batting: SHB Alfredo Vega 0-0: Called Strike
0-1: Called Strike
0-2: Strikes out swinging
Top of the 7th over - 0 runs, 1 hit, 0 errors, 2 left on base; New York (N) 1 - Arizona 3
BOTTOM OF THE 7TH
Arizona Diamondbacks batting - Pitching for New York (N) Mets : RHP Steve Holland
Now at 2B: Dave Coffman
Batting: RHB Joe Brown 0-0: SINGLE (Flyball, 5D, EV 86.3 MPH)
Batting: RHB Eddie Fields 0-0: Called Strike
0-1: Foul Ball, location: 2F
0-2: Strikes out swinging
Joe Brown steals 2nd base
Batter strikes out.
Batting: RHB Pancho Zúñiga 0-0: Ball
1-0: Ball
2-0: Ball
3-0: Foul Ball, location: 23F
3-1: Foul Ball, location: 5F
3-2: Strikes out swinging
Batting: RHB Jim Williams 0-0: Ball
1-0: Foul Ball, location: 2RF
1-1: SINGLE (Groundball, 6M, EV 110.0 MPH) (infield hit)
Joe Brown to third
Batting: LHB Tommy Rose 0-0: Called Strike
0-1: Fly out, F3 (Popup, 3SF, EV 80.6 MPH)
Bottom of the 7th over - 0 runs, 2 hits, 0 errors, 2 left on base; New York (N) 1 - Arizona 3
TOP OF THE 8TH
New York (N) Mets batting - Pitching for Arizona Diamondbacks : RHP António Alonzo
Batting: RHB Don Cole 0-0: Ball
1-0: Ball
2-0: Ground out 6-3 (Groundball, 6, EV 96.9 MPH)
Pitching: LHP Ronnie Lee
Batting: LHB José González 0-0: Ball
1-0: Ball
2-0: Ball
3-0: Base on Balls
Batting: LHB Danny Kerr 0-0: Called Strike
0-1: Foul Ball, location: 2F
0-2: Strikes out swinging
Batting: LHB Joel Wright 0-0: Ball
1-0: Ball
2-0: Fly out, F8 (Line Drive, 89M, EV 90.6 MPH)
Top of the 8th over - 0 runs, 0 hits, 0 errors, 1 left on base; New York (N) 1 - Arizona 3
BOTTOM OF THE 8TH
Arizona Diamondbacks batting - Pitching for New York (N) Mets : RHP Steve Holland
Batting: SHB Joe Harris 0-0: Ball
1-0: Called Strike
1-1: Called Strike
1-2: Fly out, F9 (Flyball, 9, EV 97.5 MPH)
Batting: LHB Esteban Ayala 0-0: Foul Ball, location: 2F
0-1: Foul Ball, location: 9LMF
0-2: Foul Ball, location: 7LMF
0-2: Foul Ball, location: 7LDF
0-2: Ball
1-2: Ball
2-2: Fly out, F8 (Flyball, 78S, EV 90.6 MPH)
Batting: RHB Orlando Gómes 0-0: Ball
1-0: Ball
2-0: Ball
3-0: Called Strike
3-1: Ground out 4-3 (Groundball, 4MD, EV 86.3 MPH)
Bottom of the 8th over - 0 runs, 0 hits, 0 errors, 0 left on base; New York (N) 1 - Arizona 3
TOP OF THE 9TH
New York (N) Mets batting - Pitching for Arizona Diamondbacks : LHP Ronnie Lee
Pitching: LHP Lou Jackson
Batting: RHB Ottavio Attene 0-0: Ball
1-0: Ball
2-0: Ball
3-0: Called Strike
3-1: Base on Balls
Batting: RHB Jeremy Lowe 0-0: Ball
1-0: Grounds into double play, 5-4-3 (Groundball, 5S, EV 92.5 MPH)
Pinch Hitting: SHB Mike Winston 0-0: Ground out 5-3 (Groundball, 56, EV 103.8 MPH)
Top of the 9th over - 0 runs, 0 hits, 0 errors, 0 left on base; New York (N) 1 - Arizona 3
Sunday, March 24th , 2024 - OOTP Baseball 24.10 Build 82